[Event "Titled Tuesday Blitz June 1 2021"]
[White "Indjic, Aleksandar"]
[Black "Nesterov, Arseniy"]
[WhiteFideId "911925"]
[BlackFideId "24198455"]
[WhiteElo "2643"]
[BlackElo "2441"]
[Result "1/2-1/2"]
[Round "09"]
[TimeControl "180+1"]
[Date "2021.06.01"]
[WhiteClock "0:00:11"]
[BlackClock "0:00:07"]

1. d4 d5 2. Nf3 Nf6 3. Bf4 Bf5 4. e3 e6 5. c4 Bxb1 6. Qxb1 Bb4+ 7. Kd1 Bd6 8. Bg3 O-O 9. cxd5 exd5 10. Bd3 c6 11. Ke2 Re8 12. Qc2 a5 13. a3 Na6 14. Bh4 h6 15. Rac1 Nc7 16. Bf5 Be7 17. Ne5 Ne4 18. Bg3 Bd6 19. Bxe4 dxe4 20. Nc4 Bxg3 21. hxg3 Nd5 22. Rh4 Nf6 23. Nd2 Qd5 24. Qb3 a4 25. Qxd5 cxd5 26. Rc7 Rec8 27. Rxc8+ Rxc8 28. Rh1 b5 29. Kd1 Ng4 30. Rf1 Nh2 31. Re1 Ng4 32. Re2 f5 33. Nb1 Nf6 34. Nc3 Rb8 35. Rc2 b4 36. axb4 Rxb4 37. Ke2 Kf7 38. Nd1 Kg6 39. Rc6 Kg5 40. Ra6 h5 41. f3 h4 42. gxh4+ Kxh4 43. Kf2 f4 44. Ra7 fxe3+ 45. Kxe3 Rb3+ 46. Kf2 Rd3 47. Ne3 Rd2+ 48. Kg1 Rxb2 49. Rxg7 exf3 50. gxf3 Nh5 51. Nf5+ Kh3 52. Rh7 Rg2+ 53. Kf1 Rg5 54. Ng7 Rxg7 55. Rxh5+ Kg3 56. Rxd5 Ra7 57. Rc5 a3 58. Rc1 a2 59. Ra1 Kxf3 60. d5 Ke3 61. d6 Kd3 62. d7 Rxd7 63. Rxa2 Rd4 64. Rf2 Ke3 1/2-1/2


[Site "https://www.chess.com"]

[Event "Titled Tuesday Blitz June 1 2021"]
[White "Kamsky, Gata"]
[Black "Yeletsky, Ivan"]
[WhiteFideId "2000024"]
[BlackFideId "24180327"]
[WhiteElo "2644"]
[BlackElo "2344"]
[Result "1-0"]
[Round "09"]
[TimeControl "180+1"]
[Date "2021.06.01"]
[WhiteClock "0:00:14"]
[BlackClock "0:00:02"]

1. d4 Nf6 2. Nf3 g6 3. Bg5 Bg7 4. c3 c5 5. e3 cxd4 6. exd4 O-O 7. Nbd2 d6 8. Bc4 Nc6 9. O-O h6 10. Bh4 Nh5 11. Re1 Qc7 12. d5 Ne5 13. Nxe5 Bxe5 14. Bf1 Bf6 15. Bxf6 Nxf6 16. Ne4 Nxe4 17. Rxe4 Bf5 18. Re3 Rfe8 19. Qd2 h5 20. Rae1 e5 21. dxe6 Rxe6 22. g3 Rae8 23. Bg2 Qb6 24. Rxe6 Rxe6 25. Rxe6 Bxe6 26. a3 a5 27. b4 axb4 28. axb4 Qc7 29. h4 b6 30. Qd4 Kh7 31. Qf6 Kg8 32. Qd4 Kh7 33. Be4 Kg8 34. Kg2 Bd7 35. Qd5 Be6 36. Qc6 Qxc6 37. Bxc6 Kf8 38. Kf3 Ke7 39. Kf4 Bc4 40. Ke4 Ke6 41. Kd4 Be2 42. Bd5+ Ke7 43. Bc4 Bf3 44. Bd3 Bc6 45. Be4 Bb5 46. Bd5 Be2 47. Ke4 Bb5 48. Kf4 Kf6 49. f3 Be2 50. g4 Bd1 51. g5+ Ke7 52. Ke4 Bc2+ 53. Kd4 Bd1 54. f4 Be2 55. Ke4 Bd1 56. Bc4 Bc2+ 57. Kd5 Ba4 58. Bd3 Bd7 59. Be4 Ba4 60. f5 gxf5 61. Bxf5 Bb3+ 62. Kc6 f6 63. g6 1-0


[Site "https://www.chess.com"]

[Event "Titled Tuesday Blitz June 1 2021"]
[White "Kezin, Roman"]
[Black "Lazavik, Denis"]
[WhiteFideId "24124621"]
[BlackFideId "13515110"]
[WhiteElo "2574"]
[BlackElo "2436"]
[Result "0-1"]
[Round "09"]
[TimeControl "180+1"]
[Date "2021.06.01"]
[WhiteClock "0:00:04"]
[BlackClock "0:00:11"]

1. d4 Nf6 2. c4 e6 3. g3 d5 4. Bg2 Be7 5. Nf3 O-O 6. O-O dxc4 7. Qc2 a6 8. a4 Bd7 9. Bg5 Bc6 10. Bxf6 Bxf6 11. Rd1 a5 12. Qxc4 Na6 13. Nc3 Nb4 14. e3 Bxf3 15. Bxf3 c6 16. h4 Qb6 17. Rac1 Rfd8 18. Ne4 Be7 19. h5 Nd5 20. Qc2 Nf6 21. Nd2 Rac8 22. Nc4 Qc7 23. Kg2 c5 24. dxc5 Rxd1 25. Qxd1 Bxc5 26. Qb3 Bb4 27. Rc2 h6 28. Na3 Qd7 29. Rxc8+ Qxc8 30. Nb5 b6 31. Qd3 Qd7 32. Qc4 Bc5 33. Qc2 Nh7 34. Kf1 Ng5 35. Bg2 f5 36. Kg1 Nh7 37. Bf3 Nf6 38. Qc4 Kh7 39. Kg2 e5 40. Nc3 e4 41. Be2 Bb4 42. Nb5 Bc5 43. Qc2 Kg8 44. Nc3 Kf7 45. Bc4+ Ke7 46. Qe2 Bb4 47. Nb5 Ng4 48. Nd4 Ne5 49. Be6 Qb7 50. Bxf5 Bc5 51. Ne6 Kf6 52. g4 Qd5 53. Nf4 Qd6 54. Bxe4 Nf7 55. Nd5+ Ke6 56. Qf3 Qe5 57. Qf5+ Qxf5 58. gxf5+ Ke5 59. f3 Ng5 60. Kg3 Nxe4+ 61. fxe4 Kxe4 62. f6 gxf6 63. Nxf6+ Kf5 64. Ng4 Kg5 65. Kf3 Kxh5 66. e4 Kg5 67. b3 h5 68. Nh2 Kf6 69. Nf1 Ke5 70. Ng3 h4 71. Nf1 Kd4 72. Nh2 Kc3 73. Ng4 Kxb3 74. e5 Kxa4 75. e6 Kb3 76. Ne5 a4 77. Nd7 Be7 78. Nxb6 a3 79. Nd5 a2 80. Nxe7 a1=Q 81. Nf5 Qf6 82. Kg4 Qxe6 0-1


[Site "https://www.chess.com"]

[Event "Titled Tuesday Blitz June 1 2021"]
[White "Kovalev, Vladislav"]
[Black "Klimkowski, Jan"]
[WhiteFideId "13504398"]
[BlackFideId "21856222"]
[WhiteElo "2573"]
[BlackElo "1903"]
[Result "1-0"]
[Round "09"]
[TimeControl "180+1"]
[Date "2021.06.01"]
[WhiteClock "0:00:05"]
[BlackClock "0:00:08"]

1. e4 c5 2. Be2 d6 3. d3 e5 4. f4 Nc6 5. Nf3 Qc7 6. O-O Bg4 7. a4 Bxf3 8. Bxf3 Nf6 9. Na3 a6 10. Nc4 Be7 11. a5 O-O-O 12. c3 Kb8 13. Qe1 Rhg8 14. Kh1 h6 15. Qf2 exf4 16. Bxf4 g5 17. Bg3 h5 18. e5 Nxe5 19. Nxe5 dxe5 20. Rae1 Bd6 21. Bd1 Rg6 22. Qf5 Re8 23. d4 cxd4 24. cxd4 exd4 25. Bxd6 Qxd6 26. Rxe8+ Nxe8 27. Qxf7 Re6 28. Bxh5 Nc7 29. Bf3 Re8 30. h3 Qe5 31. Rd1 Rd8 32. Qh7 Rd6 33. Qg8+ Ka7 34. Qc4 Nb5 35. Qc8 Qe7 36. Qc5+ Kb8 37. b4 Qc7 38. Qxg5 d3 39. Qe3 Qc3 40. Qe8+ Ka7 41. Qe7 Qxb4 42. Qxb7# 1-0


[Site "https://www.chess.com"]

[Event "Titled Tuesday Blitz June 1 2021"]
[White "Lamaze, Simon"]
[Black "Murzin, Volodar"]
[WhiteFideId "36069264"]
[BlackFideId "44155573"]
[WhiteElo "1938"]
[BlackElo "2541"]
[Result "1-0"]
[Round "09"]
[TimeControl "180+1"]
[Date "2021.06.01"]
[WhiteClock "0:00:19"]
[BlackClock "0:00:10"]

1. d4 Nf6 2. c4 e6 3. g3 d5 4. Nf3 dxc4 5. Bg2 Nc6 6. Qa4 Bb4+ 7. Bd2 Bxd2+ 8. Nbxd2 O-O 9. Qxc4 Qd5 10. O-O Rd8 11. e3 Bd7 12. Qe2 Qh5 13. Rfe1 e5 14. Nxe5 Nxe5 15. Qxh5 Nxh5 16. dxe5 g6 17. f4 c6 18. Rac1 Be6 19. Red1 Bxa2 20. b3 Rd3 21. Bf1 Rxe3 22. Kf2 Rxb3 23. Nxb3 Bxb3 24. Rd7 b6 25. Bg2 Ng7 26. Rxc6 Rb8 27. Rcc7 a5 28. Bd5 Bxd5 29. Rxd5 Ne6 30. Ra7 Nc5 31. Rd6 Ne4+ 32. Ke3 Nxd6 33. exd6 1-0


[Site "https://www.chess.com"]

[Event "Titled Tuesday Blitz June 1 2021"]
[White "Lysyj, Igor"]
[Black "Fedoseev, Vladimir"]
[WhiteFideId "4150120"]
[BlackFideId "24130737"]
[WhiteElo "2660"]
[BlackElo "2756"]
[Result "1/2-1/2"]
[Round "09"]
[TimeControl "180+1"]
[Date "2021.06.01"]
[WhiteClock "0:00:17"]
[BlackClock "0:00:03"]

1. d4 Nf6 2. c4 e6 3. Nf3 h6 4. e3 d5 5. Nc3 Nbd7 6. b3 b6 7. cxd5 exd5 8. Bb2 Bb7 9. Bd3 Bd6 10. O-O a6 11. Nh4 g6 12. g3 Qe7 13. Rc1 Qe6 14. Re1 Kf8 15. f4 Qe8 16. Qc2 Kg7 17. e4 dxe4 18. Nxe4 Nxe4 19. Bxe4 Bxe4 20. Rxe4 Qd8 21. d5+ Kh7 22. Bxh8 Qxh8 23. Rce1 Nf6 24. Re6 Rg8 25. R6e2 Nxd5 26. Nf3 Bb4 27. Rc1 Ba3 28. Rd1 Nc3 29. Rd7 Nxe2+ 30. Qxe2 Qf6 31. Ne5 Re8 32. Qc4 Bc5+ 33. Kg2 Re7 34. Rxe7 Qxe7 35. Nxf7 b5 36. Qd5 Qe2+ 37. Kh3 Be7 38. Ne5 Qf1+ 39. Qg2 Qd1 40. Qc6 Qf1+ 41. Qg2 Qd1 42. Qe4 Qh5+ 43. Kg2 Qf5 44. Qc6 Bd6 45. Qxa6 Qe4+ 46. Kh3 Qf5+ 47. Kg2 Qc2+ 48. Kh3 Qf5+ 49. Kg2 1/2-1/2


[Site "https://www.chess.com"]

[Event "Titled Tuesday Blitz June 1 2021"]
[White "Makhnev, Denis"]
[Black "Ivanisevic, Ivan"]
[WhiteFideId "13707647"]
[BlackFideId "912417"]
[WhiteElo "2549"]
[BlackElo "2499"]
[Result "1-0"]
[Round "09"]
[TimeControl "180+1"]
[Date "2021.06.01"]
[WhiteClock "0:00:15"]
[BlackClock "0:00:14"]

1. d4 Nf6 2. c4 g6 3. g3 c6 4. Bg2 d6 5. Nf3 Qa5+ 6. Nc3 Ne4 7. Bd2 Nxd2 8. Qxd2 Bg7 9. O-O O-O 10. a3 Qa6 11. Qd3 Nd7 12. b4 Nf6 13. e3 Be6 14. Nd2 Rac8 15. Rfc1 Rfd8 16. a4 Qb6 17. a5 Qc7 18. h3 Qd7 19. Kh2 h5 20. d5 cxd5 21. cxd5 Bf5 22. e4 Bxe4 23. Ndxe4 Nxe4 24. Bxe4 Rc7 25. Rab1 Rdc8 26. Ne2 Qa4 27. Rxc7 Rxc7 28. Qb3 Qb5 29. Bd3 Qd7 30. Rc1 h4 31. g4 Rxc1 32. Nxc1 Be5+ 33. Kg2 Kg7 34. Ne2 g5 35. Qc4 a6 36. Qc2 e6 37. Ng1 exd5 38. Nf3 Bf6 39. Nd2 Be5 40. Nf1 d4 41. Nd2 d5 42. Nf3 Bf6 43. Qc5 Qe6 44. Nxd4 Qe5 45. Nf5+ Kg8 46. Qc8+ Kh7 47. Nd6+ Kg7 48. Ne8+ Kh6 49. Nxf6 Qxf6 50. Qg8 Qg7 51. Qxg7+ Kxg7 52. Bf5 Kf6 53. Bc8 Ke5 54. Bxb7 Kd4 55. Bxa6 Kc3 56. Bb7 d4 57. a6 d3 58. a7 d2 59. Bf3 1-0


[Site "https://www.chess.com"]

[Event "Titled Tuesday Blitz June 1 2021"]
[White "Manafov, Vugar"]
[Black "Visakh N R"]
[WhiteFideId "13410814"]
[BlackFideId "25012223"]
[WhiteElo "2274"]
[BlackElo "2428"]
[Result "1-0"]
[Round "09"]
[TimeControl "180+1"]
[Date "2021.06.01"]
[WhiteClock "0:01:09"]
[BlackClock "0:01:42"]

1. d4 Nf6 2. c4 g6 3. Nc3 d5 4. cxd5 Nxd5 5. e4 Nxc3 6. bxc3 Bg7 7. Be3 O-O 8. Bc4 c5 9. Ne2 Nc6 10. O-O cxd4 11. cxd4 b6 12. f3 Bb7 13. Qd2 Rc8 14. Rac1 Qd6 15. Rfd1 Rfd8 16. h4 Qb4 17. Qxb4 Nxb4 18. a3 Nc6 19. h5 Na5 20. Ba2 Ba6 21. Nf4 Bc4 22. Bxc4 Nxc4 23. Bf2 Bh6 24. Nd5 Rxd5 25. Rxc4 Bc1 26. Rxc8+ 1-0


[Site "https://www.chess.com"]

[Event "Titled Tuesday Blitz June 1 2021"]
[White "Martinez Alcantara, Jose Eduardo"]
[Black "Shahaliyev, Ismayil"]
[WhiteFideId "3805662"]
[BlackFideId "13406388"]
[WhiteElo "2690"]
[BlackElo "2105"]
[Result "1-0"]
[Round "09"]
[TimeControl "180+1"]
[Date "2021.06.01"]
[WhiteClock "0:01:43"]
[BlackClock "0:02:22"]

1. e4 d6 2. d4 Nf6 3. Bd3 e5 4. dxe5 dxe5 5. Nf3 Bc5 6. O-O Qe7 7. h3 Qf8 8. Nxe5 Qe7 9. Nf3 O-O 10. e5 Nd5 11. Bxh7+ Kxh7 12. Qxd5 Nc6 13. Ng5+ Kg8 14. Qe4 f5 15. Qc4+ 1-0


[Site "https://www.chess.com"]

[Event "Titled Tuesday Blitz June 1 2021"]
[White "Moskalenko, Alexander"]
[Black "Sychev, Klementy"]
[WhiteFideId "4155351"]
[BlackFideId "4114060"]
[WhiteElo "2495"]
[BlackElo "2615"]
[Result "1-0"]
[Round "09"]
[TimeControl "180+1"]
[Date "2021.06.01"]
[WhiteClock "0:01:02"]
[BlackClock "0:00:04"]

1. d4 Nf6 2. c4 g6 3. g3 c5 4. dxc5 Bg7 5. Bg2 Na6 6. Be3 O-O 7. Nc3 Ng4 8. Bd2 Nxc5 9. Nh3 Ne5 10. b3 d5 11. cxd5 b5 12. a3 a5 13. O-O Bxh3 14. Bxh3 b4 15. axb4 axb4 16. Rxa8 Qxa8 17. Nb1 Rb8 18. Be3 Ne4 19. Qc2 Nd6 20. f4 Qxd5 21. fxe5 Nb5 22. Qc4 Qxc4 23. bxc4 Na3 24. Nxa3 bxa3 25. Ra1 Rb3 26. Bc5 Bxe5 27. Rxa3 Rb2 28. Bf1 e6 29. Ra8+ Kg7 30. Bf8+ Kf6 31. Bc5 Rc2 32. e3 Bc3 33. Bd4+ Kf5 34. Bxc3 Rxc3 35. Kf2 Ke4 36. Bg2+ Ke5 37. Bf1 Ke4 38. Ra7 Rc2+ 39. Be2 f5 40. Rxh7 g5 41. Re7 e5 42. h4 gxh4 43. gxh4 Rc1 44. Bf3+ Kd3 45. Rxe5 Rxc4 46. Be2+ 1-0


[Site "https://www.chess.com"]

[Event "Titled Tuesday Blitz June 1 2021"]
[White "Nakamura, Hikaru"]
[Black "Urazayev, Arystanbek"]
[WhiteFideId "2016192"]
[BlackFideId "13709810"]
[WhiteElo "2900"]
[BlackElo "2321"]
[Result "1-0"]
[Round "09"]
[TimeControl "180+1"]
[Date "2021.06.01"]
[WhiteClock "0:01:01"]
[BlackClock "0:00:15"]

1. b4 e5 2. Bb2 Bxb4 3. Bxe5 Nf6 4. e3 O-O 5. c3 Ba5 6. Bd3 d5 7. Bc2 Nc6 8. Bg3 Ne7 9. Ne2 c6 10. O-O Bf5 11. Bh4 Bxc2 12. Qxc2 Ng6 13. Bxf6 Qxf6 14. d4 h5 15. Nd2 Bc7 16. c4 dxc4 17. Qxc4 h4 18. h3 Ne7 19. Rab1 Rab8 20. Nc3 Rfd8 21. Nf3 Nf5 22. a4 Ba5 23. Ne4 Qg6 24. Ne5 Qh5 25. Nc5 Nd6 26. Qa2 Bc7 27. Qc2 Qh7 28. Qxh7+ Kxh7 29. Nf3 Bb6 30. Rfc1 Nf5 31. Nb3 Re8 32. a5 Bc7 33. a6 bxa6 34. Rxc6 Bb6 35. Ra1 f6 36. Rxa6 Rec8 37. Rxc8 Rxc8 38. Ra1 Rc3 39. Nbd2 Rc2 40. Kf1 g5 41. Ke2 Kg6 42. Kd3 Rb2 43. Kc3 Rb5 44. Nc4 Ne7 45. e4 1-0


[Site "https://www.chess.com"]

[Event "Titled Tuesday Blitz June 1 2021"]
[White "Nguyen, Ngoc Truong Son"]
[Black "Zierk, Steven"]
[WhiteFideId "12401110"]
[BlackFideId "2034255"]
[WhiteElo "2596"]
[BlackElo "2502"]
[Result "0-1"]
[Round "09"]
[TimeControl "180+1"]
[Date "2021.06.01"]
[WhiteClock "0:00:03"]
[BlackClock "0:00:14"]

1. d4 d5 2. Nf3 Nf6 3. Bf4 c5 4. e3 e6 5. c3 Bd6 6. Bd3 Bxf4 7. exf4 cxd4 8. Nxd4 O-O 9. O-O Nc6 10. Nf3 Qc7 11. Qd2 b6 12. Na3 a6 13. Rfe1 Bb7 14. Nc2 Rad8 15. Ncd4 Ne4 16. Qe3 Ne7 17. Rad1 Ng6 18. g3 Rfe8 19. h4 Qc8 20. Ne5 f6 21. Nxg6 hxg6 22. Ne2 e5 23. fxe5 fxe5 24. f3 d4 25. cxd4 exd4 26. Qf4 Rf8 27. fxe4 Rxf4 28. Nxf4 Qg4 29. Kg2 Rc8 30. Rc1 g5 31. hxg5 Qxg5 32. Bc4+ Rxc4 33. Rxc4 Qb5 34. Rc2 d3 35. Rf2 Qb4 36. Nxd3 Bxe4+ 37. Rxe4 Qxe4+ 38. Rf3 Qe2+ 39. Nf2 Qxb2 40. a3 b5 41. g4 a5 42. Kg3 Qe5+ 43. Kg2 Qd5 44. Nd3 b4 45. axb4 axb4 46. Nxb4 Qd2+ 47. Kg3 Qxb4 48. Rf5 g6 0-1


[Site "https://www.chess.com"]

[Event "Titled Tuesday Blitz June 1 2021"]
[White "Oparin, Grigoriy"]
[Black "Dang, Hoang Son"]
[WhiteFideId "24125890"]
[BlackFideId "12402435"]
[WhiteElo "2628"]
[BlackElo "2248"]
[Result "1-0"]
[Round "09"]
[TimeControl "180+1"]
[Date "2021.06.01"]
[WhiteClock "0:02:18"]
[BlackClock "0:01:13"]

1. c4 Nf6 2. Nf3 g6 3. g3 Bg7 4. Nc3 O-O 5. Bg2 d6 6. O-O Nc6 7. d4 Rb8 8. b3 a6 9. d5 Na5 10. Bg5 c5 11. dxc6 Nxc6 12. Rc1 h6 13. Bxf6 Bxf6 14. Qd2 Bg7 15. Rfd1 Bf5 16. Nd5 g5 17. h4 g4 18. Nh2 Be6 19. Nf4 Bf5 20. Nh5 Qa5 21. Qxa5 Nxa5 22. Rd5 Bg6 23. Nxg7 Nc6 24. Nf5 e6 25. Nxh6+ Kg7 26. Rxd6 Kxh6 27. Nxg4+ Kg7 28. Bxc6 bxc6 29. Ne5 c5 30. Nxg6 Kxg6 31. Rxa6 Rfd8 32. Rc3 Rd2 33. Re3 Kf5 34. Ra5 Kg4 35. Rxc5 Kh3 36. g4+ Kxg4 37. Kg2 Kxh4 38. Re4# 1-0


[Site "https://www.chess.com"]

[Event "Titled Tuesday Blitz June 1 2021"]
[White "Paravyan, David"]
[Black "Rakotomaharo, Fy Antenaina"]
[WhiteFideId "4194985"]
[BlackFideId "13100050"]
[WhiteElo "2562"]
[BlackElo "2378"]
[Result "1-0"]
[Round "09"]
[TimeControl "180+1"]
[Date "2021.06.01"]
[WhiteClock "0:00:07"]
[BlackClock "0:00:01"]

1. c4 e5 2. Nc3 Bb4 3. g3 Bxc3 4. bxc3 f5 5. d3 Nf6 6. Bg2 O-O 7. c5 Nc6 8. Nh3 b6 9. Ba3 bxc5 10. Bxc5 Re8 11. O-O d5 12. c4 e4 13. cxd5 Qxd5 14. Rc1 Qxa2 15. dxe4 fxe4 16. Nf4 Bg4 17. h3 Rad8 18. Qe1 Bc8 19. Qc3 a5 20. Be3 Rd6 21. Bc5 Rdd8 22. Be3 Rd6 23. Rfd1 Red8 24. Rxd6 Rxd6 25. g4 h6 26. Ng6 Qf7 27. Ne5 Nxe5 28. Qxe5 a4 29. Qa5 Ra6 30. Qb4 a3 31. Qb8 Qe8 32. Bd4 a2 33. Ba1 Rb6 34. Qxc7 Rb1 35. Kh2 Rxc1 36. Qxc1 Qe6 37. Qc7 e3 38. f4 Kh7 39. Bf3 Qd7 40. Qc3 Qd2 41. Qxc8 Qe1 42. Qf5+ Kg8 43. Qe6+ 1-0


[Site "https://www.chess.com"]

[Event "Titled Tuesday Blitz June 1 2021"]
[White "Piesik, Piotr"]
[Black "NovakCabarkapa"]
[WhiteFideId "1136194"]
[WhiteElo "2369"]
[BlackElo "2802"]
[Result "0-1"]
[Round "09"]
[TimeControl "180+1"]
[Date "2021.06.01"]
[WhiteClock "0:01:10"]
[BlackClock "0:00:31"]

1. Nf3 h5 2. e4 h4 3. h3 d5 4. e5 Bf5 5. d4 e6 6. Bg5 Be7 7. Bxe7 Nxe7 8. Nbd2 c5 9. dxc5 Qa5 10. Nd4 Qxc5 11. N2b3 Qc7 12. Nb5 Qxe5+ 13. Qe2 Qf4 14. Qd2 Qxd2+ 15. Kxd2 Kd7 16. Nc5+ Kc6 17. b4 b6 18. Nd4+ Kd6 19. Nb5+ Kc6 20. Nd4+ Kc7 21. Nb5+ Kd8 22. Nb7+ Kd7 23. N7d6 a6 24. Nxf5 Nxf5 25. Nc3 Rc8 26. Bd3 Nd6 27. Ne2 Nc6 28. a3 Ne5 29. f4 Nec4+ 30. Bxc4 Rxc4 31. c3 Rac8 32. Rac1 Ne4+ 33. Ke3 Nxc3 34. Nd4 Ne4 35. Rxc4 Rxc4 36. Nf3 Rc3+ 37. Kd4 f6 38. Re1 Kd6 39. Rxe4 Rc4+ 0-1


[Site "https://www.chess.com"]

[Event "Titled Tuesday Blitz June 1 2021"]
[White "Quintiliano Pinto, Renato R."]
[Black "Supi, Luis Paulo"]
[WhiteFideId "2117568"]
[BlackFideId "2106388"]
[WhiteElo "2439"]
[BlackElo "2369"]
[Result "1-0"]
[Round "09"]
[TimeControl "180+1"]
[Date "2021.06.01"]
[WhiteClock "0:00:12"]
[BlackClock "0:00:05"]

1. d4 Nf6 2. c4 c5 3. d5 e6 4. Nc3 d6 5. Nf3 g6 6. e4 Bg7 7. h3 O-O 8. Bd3 Nbd7 9. dxe6 fxe6 10. O-O b6 11. e5 Nxe5 12. Nxe5 dxe5 13. Qe2 Qc7 14. Bg5 Nh5 15. Rad1 a6 16. Be4 Rb8 17. g3 Nf6 18. Bxf6 Bxf6 19. h4 Bd7 20. Qg4 Kh8 21. Rd3 b5 22. Rfd1 Rbd8 23. h5 g5 24. Rf3 b4 25. Ne2 Bc8 26. Rxd8 Qxd8 27. Kg2 Qe7 28. h6 Rd8 29. Ng1 Rd4 30. b3 Qd8 31. Re3 Qf8 32. Nf3 Rd7 33. Qxe6 Re7 34. Qb6 1-0


[Site "https://www.chess.com"]

[Event "Titled Tuesday Blitz June 1 2021"]
[White "Quparadze, Giga"]
[Black "Perez Ponsa, Federico"]
[WhiteFideId "13602250"]
[BlackFideId "117927"]
[WhiteElo "2658"]
[BlackElo "2672"]
[Result "1-0"]
[Round "09"]
[TimeControl "180+1"]
[Date "2021.06.01"]
[WhiteClock "0:00:18"]
[BlackClock "0:00:02"]

1. e4 c6 2. d4 d5 3. Nc3 dxe4 4. Nxe4 Nf6 5. Nxf6+ exf6 6. c3 Bd6 7. Bd3 O-O 8. Qc2 Re8+ 9. Ne2 h5 10. O-O h4 11. h3 Na6 12. Bd2 Nc7 13. Rae1 Nd5 14. c4 Nb4 15. Bxb4 Bxb4 16. Nc3 Rxe1 17. Rxe1 Be6 18. Qd1 Qa5 19. Qc2 Rd8 20. Re4 g5 21. Qe2 Bf5 22. Re8+ Rxe8 23. Qxe8+ Kg7 24. Ne4 Bxe4 25. Qxe4 Qxa2 26. Qh7+ Kf8 27. Qh8+ Ke7 28. Qb8 Qxb2 29. Qxb7+ Kf8 30. Qxa7 Bc3 31. Qa8+ Kg7 32. Qxc6 Bxd4 33. Qf3 Qc1+ 34. Bf1 Qd2 35. Qe2 Qf4 36. Qf3 Qe5 37. Qd3 Bc5 38. Qc2 Qd4 39. Qe2 f5 40. Qf3 Qe5 41. Bd3 Qa1+ 42. Bf1 Qe5 43. Qd5 Qxd5 44. cxd5 Kf6 45. Bd3 Ke5 46. Bc4 g4 47. Kf1 Bd6 48. Ke2 f6 49. Bb3 Bc5 50. f3 g3 51. Kd3 Bd6 52. Kc4 Be7 53. Bc2 Kd6 54. Bxf5 Bf8 55. Kd4 Bh6 56. Ke4 Kc5 57. Be6 Kd6 58. Kf5 Bg7 59. Kg4 Ke5 60. f4+ Ke4 61. d6 f5+ 62. Bxf5+ 1-0


[Site "https://www.chess.com"]

[Event "Titled Tuesday Blitz June 1 2021"]
[White "Sarana, Alexey"]
[Black "Fier, Alexandr"]
[WhiteFideId "24133795"]
[BlackFideId "2107139"]
[WhiteElo "2629"]
[BlackElo "2569"]
[Result "1-0"]
[Round "09"]
[TimeControl "180+1"]
[Date "2021.06.01"]
[WhiteClock "0:01:00"]
[BlackClock "0:00:30"]

1. d4 Nf6 2. c4 c5 3. d5 e6 4. Nc3 exd5 5. cxd5 d6 6. e4 g6 7. Nf3 Bg7 8. Be2 O-O 9. Be3 Ng4 10. Bg5 Qb6 11. Qd2 Nd7 12. O-O Re8 13. Ne1 Nge5 14. f4 c4+ 15. Kh1 Nd3 16. Nxd3 cxd3 17. Bxd3 Nc5 18. Rae1 Bd7 19. Bb1 Rac8 20. e5 dxe5 21. f5 gxf5 22. Bxf5 Bxf5 23. Rxf5 Qg6 24. Ref1 Rc7 25. d6 Rd7 26. Be7 Ne6 27. Nd5 Nf4 28. Rg5 Qh6 29. Nf6+ Kh8 30. Nxd7 1-0


[Site "https://www.chess.com"]

[Event "Titled Tuesday Blitz June 1 2021"]
[White "Shahade, Gregory"]
[Black "Terry, Renato"]
[WhiteFideId "2009064"]
[BlackFideId "3803457"]
[WhiteElo "2717"]
[BlackElo "2581"]
[Result "0-1"]
[Round "09"]
[TimeControl "180+1"]
[Date "2021.06.01"]
[WhiteClock "0:00:05"]
[BlackClock "0:00:07"]

1. e4 e6 2. d4 d5 3. Nd2 Be7 4. Ngf3 Nf6 5. e5 Nfd7 6. c3 c5 7. Bd3 Nc6 8. O-O a5 9. a4 Qb6 10. dxc5 Nxc5 11. Bb5 O-O 12. Re1 Rd8 13. Nf1 Na7 14. Nd4 Nxb5 15. axb5 Bd7 16. Qe2 a4 17. Be3 Qc7 18. Nd2 Qxe5 19. N4f3 Qh5 20. Bd4 f6 21. c4 e5 22. Bxc5 Bxc5 23. cxd5 Qe8 24. Qc4 Rdc8 25. Qh4 Bxb5 26. Ne4 Bf8 27. Qg3 Qg6 28. Qh3 Rd8 29. Rad1 Bd7 30. Qh4 Qg4 31. h3 Qxh4 32. Nxh4 Ra5 33. Re3 Kf7 34. Nc3 b5 35. Nf3 b4 36. Ne4 Bf5 37. Ng3 Bc2 38. Rd2 b3 39. Rc3 Rd7 40. Ne1 Bb4 41. Nxc2 bxc2 42. Rdxc2 Bxc3 43. Rxc3 Raxd5 44. Nf5 Rd1+ 45. Kh2 R1d2 46. Ra3 Rxf2 47. Ne3 Rxb2 48. Rxa4 Rb3 49. Ng4 h5 50. Nf2 f5 51. Ra5 Re7 52. h4 Kf6 53. Nh3 Rxh3+ 54. Kxh3 e4 55. Kg3 e3 56. Ra1 e2 57. Re1 Re3+ 58. Kf4 Re4+ 59. Kg3 Ke5 60. Kf3 Kd4 61. g3 Kd3 62. Kf2 Kd2 63. Rxe2+ Rxe2+ 64. Kf3 Re4 65. Kg2 Rg4 66. Kh3 Ke3 67. Kh2 Kf2 68. Kh1 0-1


[Site "https://www.chess.com"]

[Event "Titled Tuesday Blitz June 1 2021"]
[White "Timmermans, Mark"]
[Black "Sadhwani, Raunak"]
[WhiteFideId "1026399"]
[BlackFideId "35093487"]
[WhiteElo "2460"]
[BlackElo "2514"]
[Result "0-1"]
[Round "09"]
[TimeControl "180+1"]
[Date "2021.06.01"]
[WhiteClock "0:00:34"]
[BlackClock "0:00:47"]

1. b4 e5 2. Bb2 Bxb4 3. Bxe5 Nf6 4. Nc3 Be7 5. e3 Nc6 6. Bg3 O-O 7. Nf3 Bb4 8. Nb5 Ba5 9. Be2 Ne4 10. O-O Nxg3 11. hxg3 a6 12. Nbd4 Nxd4 13. Nxd4 d5 14. c4 Bb6 15. Nb3 dxc4 16. Bxc4 Qe7 17. d4 a5 18. a4 Bd7 19. Qd3 Rad8 20. Rfc1 Kh8 21. Qc3 Qg5 22. Bf1 Bc6 23. Bb5 Rd6 24. Nxa5 Bd5 25. Nc4 Rh6 26. Nxb6 Qh5 27. Kf1 cxb6 28. Bc4 Rc6 0-1


[Site "https://www.chess.com"]

[Event "Titled Tuesday Blitz June 1 2021"]
[White "Triapishko, Alexandr"]
[Black "Sonis, Francesco"]
[WhiteFideId "14122286"]
[BlackFideId "895733"]
[WhiteElo "2490"]
[BlackElo "2373"]
[Result "1-0"]
[Round "09"]
[TimeControl "180+1"]
[Date "2021.06.01"]
[WhiteClock "0:00:08"]
[BlackClock "0:00:12"]

1. d4 Nf6 2. Bg5 d5 3. Bxf6 exf6 4. e3 c6 5. g3 g6 6. Bg2 Bg7 7. Nd2 O-O 8. Ne2 f5 9. O-O Be6 10. Nf4 Qd7 11. c4 dxc4 12. Nxe6 Qxe6 13. Qc2 Nd7 14. Qxc4 Rab8 15. Rac1 Rfc8 16. Nb3 Bf8 17. Na5 Qd6 18. a3 Nf6 19. b4 h5 20. Qb3 h4 21. Nc4 Qe6 22. Nd2 Qe7 23. Bf3 a5 24. bxa5 Ra8 25. Nc4 Ra7 26. Rb1 Rd8 27. Qb6 Rda8 28. a6 Nd7 29. Qb3 Rxa6 30. Qxb7 R8a7 31. Qb3 Qe6 32. Rfc1 Nf6 33. Ne5 c5 34. Qxe6 Rxe6 35. Nc6 Ra6 36. dxc5 Rxa3 37. Nd4 Re8 38. c6 Rc8 39. c7 Ne8 40. Nb5 Ra5 41. Bb7 Rxb5 42. Rxb5 Rxc7 43. Rxc7 Nxc7 44. Rb3 hxg3 45. hxg3 Ne6 46. Bd5 Nd8 47. Rc3 Be7 48. Kg2 Bf6 49. Rc7 Kg7 50. f4 Kf8 51. Kf3 Be7 52. g4 fxg4+ 53. Kxg4 Bd6 54. Rd7 Be7 55. e4 Ke8 56. Ra7 Kf8 57. f5 gxf5+ 58. Kxf5 Ke8 59. e5 Kf8 60. Ra4 Kg7 61. Rg4+ Kf8 62. Ke4 Bc5 63. Kd3 Be7 64. Kc4 Ke8 65. Rg8+ Kd7 66. Kd4 f6 67. Rg7 fxe5+ 68. Kxe5 Ke8 69. Kf5 Kd7 70. Bf3 Kd6 71. Bg4 Kd7 72. Ke5+ Ke8 73. Rh7 Nf7+ 74. Kd5 Nd8 75. Be6 Bf6 76. Kd6 Nxe6 77. Kxe6 Bd4 78. Rh4 Bg7 79. Ra4 Bf6 80. Ra8+ Bd8 81. Rb8 Kf8 82. Rxd8+ Kg7 83. Re8 1-0


[Site "https://www.chess.com"]

[Event "Titled Tuesday Blitz June 1 2021"]
[White "Willow, Jonah B"]
[Black "Grigorov, Grigor"]
[WhiteFideId "438804"]
[BlackFideId "2907313"]
[WhiteElo "2261"]
[BlackElo "2510"]
[Result "0-1"]
[Round "09"]
[TimeControl "180+1"]
[Date "2021.06.01"]
[WhiteClock "0:00:02"]
[BlackClock "0:00:15"]

1. e4 c6 2. d4 d5 3. Nc3 dxe4 4. Nxe4 Nf6 5. Nxf6+ exf6 6. c3 Bd6 7. Bd3 Na6 8. Qc2 h5 9. Ne2 Nc7 10. c4 Be6 11. Be3 Kf8 12. O-O-O b5 13. d5 cxd5 14. cxb5 Rc8 15. Kb1 Nxb5 16. Qa4 Nc7 17. Nd4 Bd7 18. Qxa7 g6 19. Rc1 Kg7 20. Rhd1 Rb8 21. Nc6 Bxc6 22. Rxc6 Be5 23. Bd4 Nb5 24. Bxb5 Rxb5 25. f4 Bxd4 26. Qxd4 Qe7 27. a4 Rb4 28. Qxd5 Rxa4 29. Rd6 Rha8 30. Rd7 Ra1+ 31. Kc2 Qe2+ 32. Rd2 Rc8+ 33. Kb3 Qe3+ 34. Kb4 Rb8+ 35. Kc4 Ra4+ 36. b4 Raxb4# 0-1


[Site "https://www.chess.com"]